 Dungeon Crawl Stone Soup version v3.33-hellcrawl-189-gd9da4bb (webtiles) character file.

18 tyvek the Blocker (level 10, -5/80 HPs) *CASUAL*
             Began as a Formicid Fighter on Oct 23, 2017.
             Was a Follower of Uskayaw.
             Slain by an orc knight
             ... wielding a +0 glaive
              (31 damage)
             ... in a bailey on Oct 24, 2017.
             The game lasted 00:16:31 (5959 turns).

tyvek the Blocker (Formicid Fighter)                Turns: 5959, Time: 00:16:32

Health: -5/80      AC: 24 (34%)Str: 25  XL:     10   Next: 90%
Magic:  14/14      EV:  8    Int:  7    God:    Uskayaw [1*[30]]
Gold:   522        SH: 12    Dex: 10    Spells: 9/9 levels left

rFire    . . .     SeeInvis +   a - +0 war axe
rCold    . . .     Faith    +   c - +0 shield
rNeg     . . .     Spirit   .   m - +0 chain mail
rPois    .         Reflect  .   (helmet unavailable)
rElec    .                      (no cloak)
rCorr    .                      (no gloves)
MR       +....                  f - +0 pair of boots
Stlth    ..........             H - amulet of faith {!P}
Regen    0.3/turn               O - +6 ring of protection
MPRegen  0.3/turn               o - +6 ring of protection

@: very slightly contaminated, invisible
A: permanent stasis, dig shafts and tunnels, four strong arms, antennae 3
a: Dig, Shaft Self, Stomp, Renounce Religion


You were in a bailey.
You worshipped Uskayaw.
Uskayaw was noncommittal.
You were not hungry.

You visited 1 branch of the dungeon, and saw 7 of its levels.
You also visited: Bailey.

You collected 522 gold pieces.


Innate Abilities, Weirdness & Mutations

You are under a permanent stasis effect.
You can dig through walls and to a lower floor.
Your four strong arms can wield two-handed weapons with a shield.
You have a pair of large antennae on your head. (SInv)


   Skills:
 - Level 7.9 Fighting
 - Level 9.1 Axes
 - Level 7.7 Armour
 - Level 9.2 Shields
 * Level 6.0 Invocations


You had 9 spell levels left.
You didn't know any spells.

Inventory:

Hand Weapons
 a - a +0 war axe (weapon)
Armour
 c - a +0 shield (worn)
 f - a +0 pair of boots (worn)
 m - a +0 chain mail (worn)
Jewellery
 k - a +6 ring of protection
 o - a +6 ring of protection (right hand)
 F - an uncursed ring of fire
 H - an amulet of faith (around neck) {!P}
 O - a +6 ring of protection (left hand)
 P - an uncursed ring of poison resistance
 X - a +3 ring of dexterity
 Z - an uncursed ring of wizardry
Scrolls
 d - a scroll of enchant armour
 g - 2 scrolls of amnesia
 j - 2 scrolls of fear
 l - a scroll of enchant weapon
 n - a scroll of acquirement
Potions
 b - a potion of invisibility
 e - a potion of heal wounds {@q2}
 h - a potion of lignification
 i - 4 potions of curing {@q1}
 p - a potion of resistance

Dungeon Overview and Level Annotations

Branches:
Dungeon (7/15)

Altars:
Cheibriados
Dithmenos
Elyvilon
Gozag
Hepliaklqana
Kikubaaqudgha
Makhleb
Nemelex Xobeh
Qazlal
Ru
Sif Muna
Trog
Uskayaw
Vehumet
Xom
Yredelemnul
Zin
The Shining One

############ #######
##.∩........## ##.....#######
#......)))...######.).....#.....
#.......))...#.)).#)......'.....
#∩....))))...'.@o))))))...'..!..
#.......))...#..o.#[))....'.....
#............######.......#.....
##.∩........## ##.....#######
############ #######


You could see 2 orc knights.


Message History

a +0 hand axe; a +0 war axe You see here a +0 halberd.
You see here a +0 halberd.
Things that are here:
a +0 war axe; a +0 trident
There is an open door here.
You fade into invisibility!
The orc knight roars a battlecry!
The orc knight goes into a battle-frenzy!
You are very lightly contaminated with residual magic.
There is an open door here.
The orc knight closely misses you.
The orc knight hits you with a +4 glaive (30)!!
Things that are here:
a +0 war axe; a +0 trident You hit the orc knight but do no damage. x2
The orc knight hits you with a +0 glaive (25)!!
* * * LOW HITPOINT WARNING * * *
You block the orc knight's attack.
You are too injured to fight recklessly!
Unknown command.
You are too injured to fight recklessly!
You are too injured to fight recklessly!
Unknown command.
You are too injured to fight recklessly!
You catch the helpless orc knight completely off-guard!
You hit the orc knight but do no damage.
You barely miss the orc knight.
The orc knight hits you with a +0 glaive (31)!!
You die...

Skill      XL: |  1  2  3  4  5  6  7  8  9 10 |
---------------+-------------------------------+-----
Axes           | 3 4 5 6 8 9 |  9.1
Fighting       | 4 5 6 7 |  7.9
Shields        | 4 5 6 7 9 |  9.2
Armour         | 4 5 7 |  7.7
Invocations    | 6 |  6.0

Action                   |  1- 3 |  4- 6 |  7- 9 | 10-12 || total
-------------------------+-------+-------+-------+-------++-------
Melee: War axe           |    37 |   196 |   302 |   118 ||   653
  Use: Potion            |       |       |       |     4 ||     4
 Stab: Paralysed         |       |       |    10 |     9 ||    19
       Invisible         |       |       |       |     1 ||     1
Armor: Scale mail        |    12 |    91 |   201 |    69 ||   373
       Chain mail        |       |       |       |     8 ||     8
Dodge: Dodged            |     7 |    61 |   100 |   107 ||   275
Block: Shield            |    17 |   110 |   155 |   134 ||   416

Vault maps used:
D:1:      lemuel_arrival_rhombus, minmay_misc_feat_room, minmay_split_cup_large
D:2:      lemuel_round_altar, lemuel_round_altar,
          hellmonk_temple_overflow_isosceles, gammafunk_temple_overflow_claw,
          chequers_ecumenical_altar_simple_redux
D:3:      dancing_weapons_uskayaw, nicolae_qazlal_style_of_elements,
          lemuel_crystal_altar
D:4:      nicolae_overflow_quartered_altars
D:5:      yredelemnul_altar_generic
D:6:      kennysheep_little_box, elyvilon_altar_4, corexii_corridor_pit
D:7:      cheibrodos_quashed, marbit_many_paths, enter_bailey_2,
          nicolae_tso_swordbearing_angel, uniq_duvessa
Bailey:   bailey_polearm_5, bailey

Notes
Turn   | Place    | Note
-------+----------+-------------------------------------------
     0 | D:1      | tyvek the Formicid Fighter began the quest for the Orb.
     0 | D:1      | Reached XP level 1. HP: 18/18 MP: 1/1
    86 | D:1      | Reached XP level 2. HP: 24/24 MP: 2/2
   115 | D:1      | Reached XP level 3. HP: 19/29 MP: 3/3
   338 | D:1      | Reached XP level 4. HP: 37/37 MP: 4/4
   363 | D:1      | Reached skill level 3 in Axes
   617 | D:1      | Reached skill level 4 in Fighting
   821 | D:2      | Reached skill level 4 in Shields
   837 | D:2      | Found a faded altar of an unknown god.
   944 | D:2      | Reached XP level 5. HP: 22/42 MP: 5/5
  1165 | D:2      | Found a glowing golden altar of the Shining One.
  1309 | D:2      | Found a sacrificial altar of Ru.
  1310 | D:2      | Found an ancient bone altar of Kikubaaqudgha.
  1310 | D:2      | Found a shimmering altar of Xom.
  1395 | D:2      | Found a deep blue altar of Sif Muna.
  1395 | D:2      | Found a shadowy altar of Dithmenos.
  1396 | D:2      | Found a burning altar of Makhleb.
  1425 | D:2      | Found a sparkling altar of Nemelex Xobeh.
  1855 | D:3      | Reached skill level 4 in Armour
  1906 | D:3      | Reached XP level 6. HP: 49/49 MP: 6/6
  1935 | D:3      | Reached skill level 4 in Axes
  2008 | D:3      | Found a hide-covered altar of Uskayaw.
  2008 | D:3      | Noticed a dagger
  2008 | D:3      | Noticed a dagger
  2112 | D:3      | Found a hazy altar of Hepliaklqana.
  2322 | D:3      | Became a worshipper of Uskayaw the Reveler
  2380 | D:3      | Found a stormy altar of Qazlal.
  2381 | D:3      | Noticed an air elemental
  2381 | D:3      | Noticed a water elemental
  2381 | D:3      | Noticed a fire elemental
  2476 | D:3      | Reached * piety under Uskayaw
  2483 | D:3      | Reached skill level 5 in Shields
  2483 | D:3      | Reached XP level 7. HP: 55/55 MP: 7/7
  2600 | D:4      | Reached skill level 5 in Fighting
  2600 | D:4      | Reached ** piety under Uskayaw
  2768 | D:4      | Reached skill level 5 in Axes
  2777 | D:4      | Found a glowing silver altar of Zin.
  2991 | D:4      | Found a bloodstained altar of Trog.
  3053 | D:4      | Found an opulent altar of Gozag.
  3074 | D:4      | Found a radiant altar of Vehumet.
  3183 | D:4      | Reached skill level 5 in Armour
  3183 | D:4      | Reached XP level 8. HP: 58/63 MP: 8/8
  3283 | D:5      | Entered Level 5 of the Dungeon
  3389 | D:5      | Reached *** piety under Uskayaw
  3463 | D:5      | Reached skill level 6 in Axes
  3463 | D:5      | Reached skill level 6 in Shields
  3633 | D:5      | Found a basalt altar of Yredelemnul.
  4100 | D:5      | Reached skill level 6 in Fighting
  4329 | D:6      | Reached XP level 9. HP: 56/69 MP: 9/9
  4337 | D:6      | Reached **** piety under Uskayaw
  4342 | D:6      | Reached skill level 7 in Axes
  4342 | D:6      | Reached skill level 6 in Armour
  4417 | D:6      | Reached skill level 7 in Shields
  4469 | D:6      | Found a white marble altar of Elyvilon.
  4562 | D:6      | Reached skill level 8 in Axes
  4566 | D:6      | Reached skill level 7 in Fighting
  4678 | D:6      | Found a snail-covered altar of Cheibriados.
  4839 | D:7      | Reached ***** piety under Uskayaw
  4855 | D:7      | Reached skill level 7 in Armour
  4855 | D:7      | Reached XP level 10. HP: 75/79 MP: 10/10
  4857 | D:7      | Found a flagged portal.
  4864 | D:7      | Reached skill level 8 in Shields
  4883 | D:7      | Reached ****** piety under Uskayaw
  4899 | Bailey   | Entered a bailey
  5122 | Bailey   | Reached skill level 9 in Axes
  5578 | Bailey   | Noticed an orc knight
  5578 | Bailey   | Noticed an orc knight
  5659 | Bailey   | Killed an orc knight
  5659 | Bailey   | Reached skill level 9 in Shields
  5659 | Bailey   | Reached skill level 4 in Invocations
  5666 | Bailey   | Reached skill level 5 in Invocations
  5666 | Bailey   | HP: 8/80 [orc warrior/+0 spear (25)]
  5672 | Bailey   | Reached skill level 6 in Invocations
  5928 | Bailey   | Noticed an orc knight
  5929 | Bailey   | Noticed an orc knight
  5959 | Bailey   | Slain by an orc knight

Vanquished Creatures
  An orc knight (Bailey)
  7 orc warriors
  A bullfrog (D:6)
  A wyvern zombie (D:5)
  A water moccasin zombie (D:6)
  A water moccasin skeleton (D:6)
  A scorpion (D:5)
  A crimson imp (D:5)
  4 howler monkeys
  2 quasits
  2 jellies (D:6)
  A centaur zombie (D:6)
  2 hounds
  An orc priest (D:6)
  A centaur skeleton (D:7)
  9 orc wizards
  5 worker ants
  An iguana (D:5)
  2 hound zombies
  3 hound skeletons
  8 adders
  2 shadow imps
  3 oozes
  An adder skeleton (D:4)
  2 dart slugs
  51 orcs
  6 quokkas
  2 ball pythons (D:2)
  5 giant cockroaches
  6 goblins
  10 hobgoblins
  7 jackals
  4 bats
  5 frilled lizards
  A jackal zombie (D:5)
  11 kobolds
  9 rats
180 creatures vanquished.
